 Dungeon Crawl Stone Soup version 0.27-a0-637-g3a9f0a9c12 (webtiles) character file.

Game seed: 2461446543891161904

44 jestyr24 the Skirmisher (level 3, -4/29 HPs)
             Began as a Demonspawn Fighter on Mar 15, 2021.
             Slain by a gnoll
             ... wielding a +0 spear
              (9 damage)
             ... on level 2 of the Dungeon.
             The game lasted 00:04:08 (985 turns).

jestyr24 the Skirmisher (Demonspawn Fighter)         Turns: 985, Time: 00:04:11

Health: -4/29      AC:  6    Str: 17    XL:     3   Next: 41%
Magic:  3/3        EV:  7    Int:  9    God:
Gold:   55         SH:  9    Dex: 12    Spells: 2/2 levels left

rFire    . . .     SeeInvis .   a - +0 long sword
rCold    . . .     Faith    .   c - +0 kite shield
rNeg     . . .     Spirit   .   b - +0 scale mail
rPois    .         Reflect  .   (helmet restricted)
rElec    .         Harm     .   (no cloak)
rCorr    .         Rampage  .   (no gloves)
Will     .....                  (no boots)
Stlth    ..........             (no amulet)
HPRegen  0.09/turn              (no ring)
MPRegen  0.08/turn              (no ring)

@: no status effects
A: antennae 1
a: no special abilities


You were on level 2 of the Dungeon.
You visited 1 branch of the dungeon, and saw 2 of its levels.

You collected 55 gold pieces.

Inventory:

Hand Weapons
 a - a +0 long sword (weapon)
Missiles
 e - 29 poisoned darts (quivered)
 g - 2 throwing nets
Armour
 b - a +0 scale mail (worn)
 c - a +0 kite shield (worn)
Jewellery
 k - an amulet of guardian spirit
Scrolls
 f - 6 scrolls of identify
 j - a scroll of teleportation {unknown}
Potions
 d - a potion of might
 h - 2 potions of curing
 i - 3 potions of heal wounds {unknown}


   Skills:
 + Level 3.4 Fighting
 - Level 1.9 Long Blades
 + Level 3.1 Armour
 + Level 0.2 Dodging
 + Level 3.3 Shields


You had 2 spell levels left.
You didn't know any spells.
Your spell library was empty.

Dungeon Overview and Level Annotations

Branches:
Dungeon (2/15)

Altars:


Innate Abilities, Weirdness & Mutations

You have a pair of small antennae on your head.


Message History

A bat comes into view.
The bat hits you but does no damage.
You barely miss the bat. You block the bat's attack.
The bat hits you but does no damage.
You closely miss the gnoll. You block the bat's attack.
You block the gnoll's attack.
The gnoll hits you from afar with a +0 spear.
The bat completely misses you.
You riposte.
You closely miss the bat.
A gnoll comes into view. It is wielding a +0 club.
The gnoll hits you but does no damage. The gnoll hits you with a +0 flail.
The bat hits you but does no damage.
You closely miss the gnoll. You block the bat's attack. x2
You block the gnoll's attack. The gnoll closely misses you.
You closely miss the gnoll. The bat hits you but does no damage.
The gnoll hits you from afar with a +0 spear.
The gnoll hits you with a +0 flail.
You hit the gnoll.
The gnoll is moderately wounded.
You block the bat's attack. The gnoll barely misses you.
You slash the gnoll!
You kill the gnoll!
The bat hits you but does no damage.
A gnoll comes into view. It is wielding a +0 spear.
You block the gnoll's attack.
The gnoll shouts!
You hit the gnoll but do no damage. You block the gnoll's attack.
The gnoll hits you from afar with a +0 spear.
The gnoll hits you with a +0 club!
* * * LOW HITPOINT WARNING * * *
You hit the gnoll.
The gnoll is moderately wounded.
The gnoll completely misses you. You block the gnoll's attack.
The gnoll closely misses you.
You hit the gnoll.
The gnoll is severely wounded.
You block the gnoll's attack. The gnoll hits you but does no damage.
The gnoll hits you with a +0 club.
* * * LOW HITPOINT WARNING * * *
The gnoll hits you from afar with a +0 spear!
You die...

#........... #..........
......... ....... .....
.g. #g#### #.#..# #####
#@gb# # ...#
######.##.#.#.
###.######.............
####.#..........(...#(#.##
#....#..........†........
'.##.#.............##.#...
####.#....................
####.#.######+#+#.....##..
.....#.#........#.#..... .


You could see 3 gnolls and a bat.

Vanquished Creatures
  A gnoll (D:2)
  2 dart slugs (D:2)
  2 leopard geckos
  2 bats
  3 goblins (D:1)
  6 hobgoblins
  5 kobolds
  2 frilled lizards (D:1)
  3 rats (D:1)
26 creatures vanquished.

Notes
Turn   | Place    | Note
-------+----------+-------------------------------------------
     0 | D:1      | jestyr24 the Demonspawn Fighter began the quest for the
                  | Orb.
     0 | D:1      | Reached XP level 1. HP: 18/18 MP: 1/1
   172 | D:1      | Gained mutation: You have a pair of small antennae on your
                  | head. [demonic ancestry]
   172 | D:1      | Reached XP level 2. HP: 22/24 MP: 2/2
   958 | D:2      | Reached XP level 3. HP: 27/29 MP: 3/3
   985 | D:2      | Slain by a gnoll

Illustrated notes

Levels and vault maps discovered:
D:1:      tarquinn_simple_flora_water_a, layout_basic
D:2:      layout_basic, riverfiend_overflow_shadow_ancestor,
          chequers_ecumenical_altar_lobes, dk_noncrumbling_4, minmay_liquid_box,
          kennysheep_generic_room_11, uniq_jessica, uniq_robin

Skill      XL: |  1  2 |
---------------+-------+-----
Armour         | 3 |  3.1
Shields        | 3 |  3.3
Fighting       | |  3.4
Long Blades    | |  1.9
Dodging        | |  0.2

Action                   || total
-------------------------++-------
Melee: Long sword        ||    66
  Use: Scroll            ||     1
Armor: Scale mail        ||    37
Dodge: Dodged            ||    21
Block: Kite shield       ||    40
       Rpst.: Long sword ||     6

Table legend: (Time is in decaauts)
 A = Elapsed time spent in this place.
 B = Non-inter-level travel time spent in this place.
 C = Inter-level travel time spent in this place.
 D = Time resting spent in this place.
 E = Time spent auto-exploring this place.
 F = Levels seen in this place.
 G = Mean time per level.
                   A        B        C        D        E       F      G
               +--------+--------+--------+--------+--------+-----+--------+
         Total |   1019 |   1003 |     16 |     52 |    629 |   2 |  509.5 |
       Dungeon |   1019 |   1003 |     16 |     52 |    629 |   2 |  509.5 |
               +--------+--------+--------+--------+--------+-----+--------+

Top non-repeatable levels by time:
     D:1: 824 daAuts
     D:2: 195 daAuts
